 Dungeon Crawl Stone Soup version 0.31-a0-102-g33a4ccc0cb (webtiles) character file.

Game seed: 4173387852651016773

2215 Armakuni the Covert (level 9, 0/61 HPs)
             Began as a Human Brigand on May 27, 2023.
             Was an Initiate of Gozag.
             Slain by an iguana (10 damage)
             ... on level 7 of the Dungeon.
             The game lasted 00:18:02 (7610 turns).

Armakuni the Covert (Human Brigand)                 Turns: 7610, Time: 00:18:03

Health: 0/61       AC:  4    Str: 17    XL:     9   Next: 61%
Magic:  9/9        EV: 12    Int: 11    God:    Gozag
Gold:   464        SH:  0    Dex: 20    Spells: 6/8 levels left

rFire   + + .        a - +7 short sword "Death Rattle" {pain, rF+ rC+ rCorr SInv}
rCold   + + .        (no shield)
rNeg    . . .        y - +0 robe of Zoides {rF+ rC+}
rPois   .            z - +0 helmet
rElec   .            s - +0 cloak
rCorr   +            (no gloves)
SInv    +            (no boots)
Will    .....        (no amulet)
Stlth   +++++        I - ring of see invisible
HPRegen 0.30/turn    D - +6 ring of dexterity
MPRegen 0.11/turn

%: no passive effects
@: gold aura, studying Throwing
A: no striking features
a: Renounce Religion, Potion Petition, Call Merchant, Bribe Branch


You were on level 7 of the Dungeon.
You worshipped Gozag.
Gozag was aware of your devotion.
You visited 2 branches of the dungeon, and saw 8 of its levels.

You collected 574 gold pieces.
You paid 110 gold pieces to Gozag.

Inventory:

Hand Weapons
 a - the +7 short sword "Death Rattle" (weapon) {pain, rF+ rC+ rCorr SInv}
   (You took it off a kobold on level 2 of the Dungeon)

   rF:        It protects you from fire.
   rC:        It protects you from cold.
   SInv:      It lets you see invisible.
   rCorr:     It protects you from acid and corrosion.
 b - a +2 heavy dagger
 g - a +0 short sword of flaming
Missiles
 d - 8 poisoned darts
 e - a curare-tipped dart
 h - 3 boomerangs (quivered)
Armour
 s - a +0 cloak (worn)
 y - the +0 robe of Zoides (worn) {rF+ rC+}
   (You found it on level 7 of the Dungeon)

   rF:        It protects you from fire.
   rC:        It protects you from cold.
 z - a +0 helmet (worn)
Magical Staves
 q - the staff of fire "Ximuth" {rF+ rN+ Int+7 SInv}
   (You found it on level 5 of the Dungeon)

   [staff of fire]

   Base accuracy: +5 Base damage: 5 Base attack delay: 1.2 This weapon's minimum
   attack delay (0.6) is reached at skill level 12.
   Int:       It affects your intelligence (+7).
   rF:        It protects you from fire.
   rN:        It protects you from negative energy.
   SInv:      It lets you see invisible.
   It falls into the 'Staves' category.
   It is a one-handed weapon.
Jewellery
 D - a +6 ring of dexterity (right hand)
 I - a ring of see invisible (left hand)
 U - an amulet of faith
Wands
 p - a wand of polymorph (14)
 r - a wand of roots (5)
 v - a wand of flame (20)
Scrolls
 j - 2 scrolls of enchant weapon
 k - 2 scrolls of noise
 m - a scroll of poison
 o - a scroll of teleportation
 x - 2 scrolls of immolation
 A - a scroll of amnesia
Potions
 c - a potion of mutation
 f - 2 potions of brilliance
 i - a potion of curing
 n - a potion of magic {unknown}
 t - a potion of haste {unknown}
 u - a potion of degeneration {unknown}
 w - a potion of berserk rage {unknown}
 B - a potion of heal wounds {unknown}


   Skills:
 - Level 2.0 Fighting
 - Level 2.0 Short Blades
 + Level 9.8 Throwing
 - Level 1.0 Dodging
 - Level 11.7 Stealth


You had 6 spell levels left.
You knew the following spells:

 Your Spells              Type           Power      Damage    Failure   Level
w - Wereblood             Tmut           0%         N/A       47%         2

Your spell library contained the following spells:

 Spells                   Type           Power      Damage    Failure   Level
 Beastly Appendage        Tmut           0%         N/A       34%         1
 Blink                    Tloc           0%         N/A       47%         2
 Lesser Beckoning         Tloc           0%         N/A       47%         2
 Momentum Strike          Conj/Tloc      0%         3d8       47%         2
 Static Discharge         Conj/Air       0%         2-2/arc   47%         2
 Spider Form              Tmut/Pois      0%         N/A       71%         3
 Airstrike                Air            0%         2d(0-16)  98%         4
 Summon Lightning Spire   Summ/Air       0%         N/A       98%         4


Dungeon Overview and Level Annotations

Branches:
Dungeon (7/15)             Temple (1/1) D:7

Altars:
Ashenzari
Elyvilon
Fedhas
Gozag
Hepliaklqana
Makhleb
Nemelex Xobeh
Okawaru
Qazlal
Ru
Sif Muna
Trog
Uskayaw
Vehumet
Wu Jian
Xom
Yredelemnul

Shops:
D:7 (

Annotations:
D:7 Joseph


Message History

Press: ? - help, Q - select action, (/) - cycle Shift-Dir - straight line, f/p - centaur
Aim: a centaur, wielding a +0 orcbow (almost dead, 76% to hit)
You throw a boomerang.
The boomerang closely misses the centaur.
The centaur shoots an arrow.
The arrow hits you!
Throw: 3 boomerangs
Press: ? - help, Q - select action, (/) - cycle Shift-Dir - straight line, f/p - centaur
Aim: a centaur, wielding a +0 orcbow (almost dead, 76% to hit)
You throw a boomerang.
The boomerang hits the centaur but does no damage.
The centaur is almost dead.
The centaur shoots an arrow.
The arrow hits you.
The iguana hisses menacingly.
Throw: 3 boomerangs
Press: ? - help, Q - select action, (/) - cycle Shift-Dir - straight line, f/p - centaur
Aim: a centaur, wielding a +0 orcbow (almost dead, 76% to hit)
You throw a boomerang. The boomerang hits the centaur.
You kill the centaur!
You hit the iguana.
The iguana is moderately wounded.
The iguana bites you!
You are too injured to fight recklessly!
You are too injured to fight recklessly!
You are too injured to fight recklessly!
You are too injured to fight recklessly!
You are too injured to fight recklessly!
You hit the iguana but do no damage.
The iguana is moderately wounded.
The iguana bites you!
You closely miss the iguana.
The iguana is moderately wounded.
The iguana bites you!
* * * LOW HITPOINT WARNING * * *
You closely miss the iguana.
The iguana is moderately wounded.
You hit the iguana.
The iguana is severely wounded.
The iguana bites you!
You die...
Your body crumbles into a pile of gold.

,,,,,,,,*,....≈~..≈~..........)..
,,,*,,,,,......≈..≈~.....#.......
,,,,,,,,,......~≈..~~....##.....#
,,,,,,,,,.......~≈..~.....>.#...#
,,,,,,,**....._.~~..~..##...##...
,,,,,,**,.......~~..~..#.....####
,,,,,,,,,......~~..~~............
,*,,,,,**......l~..~....†.∩...###
**,,,,,**......~@.~~...........#
*,,,,,,**...$..........#..)..#.#
,,,,,,,,*........###...##...####
**,,,*,,,.........#......####
,,,,,,,,,.......###....###
*,,,,,,,,.......,....###
**,,,*,,*#.#....,...##
*,,,**,,,..#....,****
,,,,*,,,,,**,***,,*


You could see an iguana.

Vanquished Creatures
  Sigmund (D:3)
  An orc warrior (D:6)
  A black bear (D:4)
  An ice beast (D:5)
  2 ogres (D:5)
  5 centaurs
  2 phantoms
  A bullfrog (D:7)
  2 scorpions (D:5)
  A howler monkey (D:4)
  An electric eel (D:7)
  A jelly (D:6)
  A quasit (D:4)
  3 hounds
  5 orc priests
  A sleepcap (D:6)
  Natasha (D:3)
  2 iguanas
  6 orc wizards
  8 adders
  A shadow imp (D:4)
  8 white imps
  An ufetubus (D:4)
  A worm (D:2)
  24 orcs
  6 endoplasms
  3 giant cockroaches
  6 goblins
  7 hobgoblins
  4 jackals
  11 kobolds
  3 quokkas
  5 ball pythons
  2 bats (D:1)
  7 frilled lizards
  4 rats
139 creatures vanquished.

Notes
Turn   | Place    | Note
-------+----------+-------------------------------------------
     0 | D:1      | Armakuni the Human Brigand began the quest for the Orb.
     0 | D:1      | Reached XP level 1. HP: 16/16 MP: 1/1
   116 | D:1      | Reached XP level 2. HP: 16/22 MP: 2/2
   671 | D:1      | Reached XP level 3. HP: 27/27 MP: 3/3
   684 | D:1      | Reached skill level 5 in Stealth
   961 | D:2      | Found a bloodstained altar of Trog.
  1060 | D:2      | Learned a level 2 spell: Wereblood
  1140 | D:2      | Reached XP level 4. HP: 33/33 MP: 4/4
  1315 | D:2      | Identified the +7 short sword "Death Rattle" {pain, rF+ rC+
                  | rCorr SInv}
  1664 | D:3      | Found an ornate altar of the Wu Jian Council.
  1687 | D:3      | Noticed a +0 hand axe
  1687 | D:3      | Noticed a +0 dagger
  1713 | D:3      | Found a sparkling altar of Nemelex Xobeh.
  1779 | D:3      | Found a hide-covered altar of Uskayaw.
  1791 | D:3      | Found a faded altar of an unknown god.
  1886 | D:3      | Noticed Sigmund
  1908 | D:3      | Killed Sigmund
  1909 | D:3      | Reached skill level 7 in Stealth
  1909 | D:3      | Reached XP level 5. HP: 34/38 MP: 5/5
  1909 | D:3      | Reached XP level 6. HP: 40/44 MP: 6/6
  1942 | D:3      | Found a faded altar of an unknown god.
  1954 | D:3      | Found a broken altar of Ashenzari.
  2088 | D:3      | Noticed Natasha
  2118 | D:3      | Killed Natasha
  2443 | D:4      | Reached skill level 8 in Stealth
  2757 | D:4      | Reached XP level 7. HP: 50/50 MP: 7/7
  3208 | D:4      | Reached skill level 9 in Stealth
  3778 | D:5      | Entered Level 5 of the Dungeon
  3787 | D:5      | Identified the staff of fire "Ximuth" {rF+ rN+ Int+7 SInv}
  3935 | D:5      | Reached XP level 8. HP: 41/56 MP: 8/8
  4008 | D:5      | Reached skill level 10 in Stealth
  4018 | D:5      | Found a white marble altar of Elyvilon.
  4429 | D:5      | Reached skill level 11 in Stealth
  4769 | D:5      | Found a sacrificial altar of Ru.
  5175 | D:5      | Identified a scroll of acquirement
  5175 | D:5      | Acquired a manual of Throwing
  5429 | D:6      | Found a bloodstained altar of Trog.
  5722 | D:6      | Reached XP level 9. HP: 22/61 MP: 9/9
  5901 | D:6      | Found an opulent altar of Gozag.
  5922 | D:6      | Became a worshipper of Gozag Ym Sagoz the Greedy
  5950 | D:6      | Reached skill level 5 in Throwing
  6918 | D:7      | Noticed Joseph
  7106 | D:7      | Identified the +0 robe of Zoides {rF+ rC+}
  7353 | D:7      | Found a staircase to the Ecumenical Temple.
  7372 | Temple   | Entered the Ecumenical Temple
  7491 | D:7      | Found Til Pidot's Weapon Shoppe.
  7583 | D:7      | Found a basalt altar of Yredelemnul.
  7610 | D:7      | Slain by an iguana

Illustrated notes

Levels and vault maps discovered:
D:1:      shiori_arrival_oz, layout_loops_corners
D:2:      layout_rooms, basic_altar, serial_curves, eino_curves_03,
          eino_curves_04, eino_curves_01, eino_curves_01, grunt_ministairs_10,
          chequers_serial_rivers_large_b, minmay_misc_feat_nine_boxes
D:3:      layout_loops_cross, nicolae_wu_jian_wuxing_cycle,
          mainiacjoe_overflow_concentric_impassable, dancing_weapons_uskayaw,
          nicolae_overflow_ecumenical_swirl, shapermc_ecumenical_altar_gd,
          uniq_sigmund, uniq_natasha
D:4:      layout_basic, serial_demonic, serial_demonic_d, serial_demonic_a,
          serial_demonic_d, serial_demonic_c, chequers_avenue
D:5:      layout_loops_corners, nicolae_ru_great_annihilating_truth,
          elyvilon_altar_1
D:6:      layout_loops_ring, general_overflow_altar, lemuel_doored_altar,
          nicolae_the_louvre
D:7:      layout_cave_pools, mainiacjoe_overflow_catch_the_wave,
          minmay_temple_entry_stoned_glass, serial_park, serial_park_square2,
          serial_park_square2, serial_park_tiny_1, serial_shops,
          nicolae_shop_bloodbath_and_beyond, minmay_crossroads, uniq_joseph
Temple:   nicolae_temple_superstar

Skill      XL: |  1  2  3  4  5  6  7  8  9 |
---------------+----------------------------+-----
Stealth        | 5 7 8 9 11 | 11.7
Throwing       | 4 9 |  9.8
Fighting       | |  2.0
Short Blades   | |  2.0
Dodging        | |  1.0

Action                     |  1- 3 |  4- 6 |  7- 9 || total
---------------------------+-------+-------+-------++-------
  Melee: Dagger            |    72 |     1 |     4 ||    77
         Short sword       |       |    70 |   262 ||   332
         Punch             |       |     1 |     2 ||     3
  Throw: Dart              |    13 |     7 |    33 ||    53
         Boomerang         |       |       |    11 ||    11
  Evoke: Wand              |       |       |     8 ||     8
    Use: Scroll            |     5 |     6 |     6 ||    17
         Potion            |       |     1 |     1 ||     2
   Stab: Sleeping          |    11 |    10 |    11 ||    32
         Invisible         |       |     2 |       ||     2
 Armour: Robe              |    13 |     9 |    59 ||    81
  Dodge: Dodged            |    32 |    27 |   153 ||   212

Table legend: (Time is in decaauts)
 A = Elapsed time spent in this place.
 B = Non-inter-level travel time spent in this place.
 C = Inter-level travel time spent in this place.
 D = Time resting spent in this place.
 E = Time spent auto-exploring this place.
 F = Levels seen in this place.
 G = Mean time per level.
                   A        B        C        D        E       F      G
               +--------+--------+--------+--------+--------+-----+--------+
         Total |   7604 |   7414 |    190 |   1586 |   4317 |   8 |  950.5 |
       Dungeon |   7496 |   7321 |    175 |   1586 |   4237 |   7 | 1070.9 |
        Temple |    107 |     92 |     15 |      0 |     80 |   1 |  107.0 |
               +--------+--------+--------+--------+--------+-----+--------+

Top non-repeatable levels by time:
     D:6: 1509 daAuts
     D:4: 1502 daAuts
     D:5: 1493 daAuts
     D:1: 939 daAuts
     D:3: 752 daAuts
     D:2: 718 daAuts
     D:7: 582 daAuts
  Temple: 107 daAuts
